Punishers vs Comets
Created - February 17, 2025 at 19:26
Goals
|
| Punishers |
2 |
0 |
1 |
3 |
| Comets |
0 |
1 |
3 |
4 |
|
Shots
|
| Punishers |
14 |
5 |
10 |
29 |
| Comets |
8 |
12 |
16 |
36 |
|
1st period
1. Punishers , Kurtis Gabriel 21 (Oskar Lindblom 26, Karson Kuhlman 29) at 10:38
2. Punishers , Kole Lind 16 (Daniel Audette 29) at 11:17
Penalties :
No Penalty
2nd period
3. Comets , Conor Garland 17 (Brett Howden 22) at 8:33
Penalties :
Kurtis Gabriel (Pro) for Delaying the game (Minor) at 0:58, Nicolas Beaudin (Pro) for Delaying the game (Minor) at 11:08, Ben Betker (Pro) for Tripping (Minor) at 17:22
3rd period
4. Punishers , Warren Foegele 6 (Daniel Audette 30, Kole Lind 30) at 0:48
5. Comets , Mason Marchment 11 (Christian Wolanin 18) at 8:05
6. Comets , Valeri Nichushkin 13 (Ilya Lyubushkin 25, Brett Seney 26) at 8:40 (PP)
7. Comets , Alexandre Texier 14 (John Hayden 14, Marcus Bjork 10) at 14:42
Penalties :
Oskar Lindblom (Pro) for Slashing (Minor) at 5:00, Kurtis Gabriel (Pro) for Delaying the game (Minor) at 8:18, Ilya Lyubushkin (Uti) for Hooking (Minor) at 9:36
Goalie Stats
Cal Petersen (Pro), 32 saves from 36 shots - (0.889), L, 6-7-1, 59:00 minutes
Juuse Saros (Uti), 26 saves from 29 shots - (0.897), W, 17-10-3, 60:00 minutes
Players Stats for Punishers
Player Name G A P +/- PIM S H SB GA TA FO MP PP MP PK MP
------------------------------------------------------------------------------------
Adam Ruzicka 0 0 0 -2 0 1 0 1 0 0 5/7 11:22 0:00 1:04
Ben Betker 0 0 0 0 2 0 0 2 0 0 0/0 23:39 1:01 3:40
Ben Meyers 0 0 0 0 0 1 1 0 0 0 1/3 9:41 0:00 0:00
Braden Tracey 0 0 0 0 0 1 0 0 0 0 0/1 9:41 0:00 0:00
Carson Meyer 0 0 0 -2 0 2 1 0 0 1 1/4 13:08 0:00 2:50
Daniel Audette 0 2 2 2 0 5 1 1 0 1 5/8 15:49 0:50 1:36
Jack Ahcan 0 0 0 1 0 0 1 0 0 0 0/0 10:24 0:00 1:48
Jesse Ylonen 0 0 0 0 0 6 0 0 1 0 0/0 9:41 0:00 0:00
Joel Kiviranta 0 0 0 -2 0 0 0 1 1 1 0/0 12:13 0:00 1:50
Karson Kuhlman 0 1 1 0 0 0 0 0 0 3 14/30 22:05 1:09 4:40
Kole Lind 1 1 2 2 0 2 2 0 0 0 1/1 14:13 0:50 0:00
Kurtis Gabriel 1 0 1 0 4 2 3 1 2 0 3/6 18:24 1:09 1:01
Lassi Thomson 0 0 0 0 0 0 0 0 0 0 0/0 7:07 0:00 0:00
Marcus Karlberg 0 0 0 0 0 0 0 0 0 0 0/0 0:00 0:00 0:00
Nicolas Beaudin 0 0 0 -1 2 2 1 0 0 0 0/0 18:06 0:58 2:25
Niko Mikkola 0 0 0 -1 0 2 1 0 0 0 0/0 18:52 0:58 3:10
Noah Juulsen 0 0 0 0 0 1 2 2 0 1 0/0 25:13 1:01 4:56
Oskar Lindblom 0 1 1 0 2 2 3 0 2 1 1/6 21:04 1:09 3:35
Rasmus Sandin 0 0 0 0 0 0 0 0 0 0 0/0 8:06 0:00 0:37
Ryan Suzuki 0 0 0 0 0 0 0 0 0 0 0/0 0:00 0:00 0:00
Urho Vaakanainen 0 0 0 1 0 0 1 1 0 0 0/0 8:36 0:00 0:00
Warren Foegele 1 0 1 2 0 2 0 0 0 0 0/0 14:13 0:50 0:00
Players Stats for Comets
Player Name G A P +/- PIM S H SB GA TA FO MP PP MP PK MP
------------------------------------------------------------------------------------
Alex Turcotte 0 0 0 0 0 1 1 0 1 0 0/0 8:25 0:00 0:00
Alexandre Texier 1 0 1 -1 0 1 1 0 2 0 0/0 12:39 0:00 0:00
Brett Howden 0 1 1 1 0 0 0 0 1 0 6/13 17:15 3:40 1:07
Brett Seney 0 1 1 0 0 4 2 0 4 0 14/27 20:57 4:38 0:31
Christian Wolanin 0 1 1 0 0 1 0 3 0 0 0/0 23:32 5:54 1:11
Conor Garland 1 0 1 1 0 4 2 0 0 0 0/0 18:32 3:40 0:52
David Kase 0 0 0 0 0 4 2 0 0 0 0/0 8:25 0:00 0:00
Eeli Tolvanen 0 0 0 -1 0 1 0 1 0 1 1/2 12:39 0:00 0:00
Filip Roos 0 0 0 -1 0 0 0 0 0 0 0/0 5:03 0:00 0:00
Ilya Lyubushkin 0 1 1 -1 2 3 4 1 0 1 0/0 27:04 5:54 0:00
Jake Bean 0 0 0 0 0 0 1 1 0 1 0/0 18:46 2:24 0:44
John Hayden 0 1 1 -1 0 1 4 0 0 0 4/11 12:39 0:00 0:00
Joonas Donskoi 0 0 0 0 0 6 2 1 0 1 2/2 19:48 4:38 0:31
Marcus Bjork 0 1 1 1 0 0 1 0 0 0 0/0 13:35 0:00 1:00
Mason Marchment 1 0 1 1 0 4 2 0 0 0 0/0 16:58 3:40 0:27
Nicolas Roy 0 0 0 0 0 3 0 1 0 0 6/7 8:25 0:00 0:00
Valeri Nichushkin 1 0 1 0 0 3 2 2 0 0 2/4 20:56 4:38 0:30
Vincent Desharnais 0 0 0 1 0 0 1 0 0 0 0/0 13:32 0:00 0:15
Wyatt Kalynuk 0 0 0 0 0 0 1 0 0 2 0/0 18:50 2:24 0:48
3 Stars
1 - Kole Lind (Pro)
2 - Mason Marchment (Uti)
3 - Conor Garland (Uti)
Power Play
Punishers - 0 on 1 Attempt(s) - 0.00%
Comets - 1 on 5 Attempt(s) - 20.00%
Penalty Kill
Punishers - 4 on 5 Attempt(s) - 80.00%
- Score 0 goal in Penalty Kill
Comets - 1 on 1 Attempt(s) - 100.00%
- Score 0 goal in Penalty Kill
Team Stat
Punishers - Hits : 17 - Faceoff Wins : 31 - Blocked Shots : 9 - Penalty Minutes : 10
Comets - Hits : 26 - Faceoff Wins : 35 - Blocked Shots : 10 - Penalty Minutes : 2
Official
Referees : Eric Furlatt and Beaudry Halkidis
Linesman : Tyson Baker and David Brisebois
Game Notes
No Game Note
Finance
Level 1 -- Attendance: 1916 (95.80%) -- Ticket Income $134,120
Level 2 -- Attendance: 982 (98.20%) -- Ticket Income $39,280
Total Attendance: 2898 (96.60%)
Total Ticket Income: $173,400
Other Income: $8,670
Total Income: $182,070
Punishers
5 vs 5 Forward
Center Left Wing Right Wing Time % Phy DF OF
1 Karson Kuhlman Oskar Lindblom Kurtis Gabriel 40 1 2 2
2 Daniel Audette Warren Foegele Kole Lind 30 1 2 2
3 Adam Ruzicka Joel Kiviranta Carson Meyer 20 1 2 2
4 Ben Meyers Braden Tracey Jesse Ylonen 10 1 2 2
5 vs 5 Defense
Defense Defense Time % Phy DF OF
1 Noah Juulsen Ben Betker 40 1 2 2
2 Niko Mikkola Nicolas Beaudin 30 1 2 2
3 Urho Vaakanainen Jack Ahcan 20 1 2 2
4 Rasmus Sandin Lassi Thomson 10 1 2 2
PowerPlay Forward
Center Left Wing Right Wing Time % Phy DF OF
1 Karson Kuhlman Oskar Lindblom Kurtis Gabriel 60 1 2 2
2 Daniel Audette Warren Foegele Kole Lind 40 1 2 2
PowerPlay Defense
Defense Defense Time % Phy DF OF
1 Noah Juulsen Ben Betker 60 1 2 2
2 Niko Mikkola Nicolas Beaudin 40 1 2 2
Penalty Kill 4 Players Forward
Center Wing Time % Phy DF OF
1 Oskar Lindblom Karson Kuhlman 60 1 2 2
2 Kurtis Gabriel Daniel Audette 40 1 2 2
Penalty Kill 4 Players Defense
Defense Defense Time % Phy DF OF
1 Noah Juulsen Ben Betker 60 1 2 2
2 Niko Mikkola Nicolas Beaudin 40 1 2 2
Penalty Kill - 3 Players Forward
Forward Time % Phy DF OF
1 Oskar Lindblom 60 1 2 2
2 Karson Kuhlman 40 1 2 2
Penalty Kill - 3 Players Defense
Defense Defense Time % Phy DF OF
1 Noah Juulsen Ben Betker 60 1 2 2
2 Niko Mikkola Nicolas Beaudin 40 1 2 2
4 vs 4 Forward
Center Wing Time % Phy DF OF
1 Oskar Lindblom Karson Kuhlman 60 1 2 2
2 Kurtis Gabriel Daniel Audette 40 1 2 2
4 vs 4 Defense
Defense Defense Time % Phy DF OF
1 Noah Juulsen Ben Betker 60 1 2 2
2 Niko Mikkola Nicolas Beaudin 40 1 2 2
Last Minutes Offensive
Center Left Wing Right Wing Defense Defense
Karson Kuhlman Oskar Lindblom Kurtis Gabriel Noah Juulsen Ben Betker
Last Minutes Defensive
Center Left Wing Right Wing Defense Defense
Karson Kuhlman Oskar Lindblom Kurtis Gabriel Noah Juulsen Ben Betker
Goaltenders
Starting : Cal Petersen
Backup : Antoine Bibeau
Extra Forwards
Normal : Marcus Karlberg, Ryan Suzuki, Carson Meyer - PP : Marcus Karlberg, Ryan Suzuki - PK : Carson Meyer
Extra Defensemen
Normal : Urho Vaakanainen, Jack Ahcan, Rasmus Sandin - PP : Urho Vaakanainen - PK : Jack Ahcan, Rasmus Sandin
Penalty Shots
Oskar Lindblom, Karson Kuhlman, Kurtis Gabriel, Daniel Audette, Kole Lind
Custom OT Lines Forwards
Oskar Lindblom, Karson Kuhlman, Kurtis Gabriel, Daniel Audette, Kole Lind, Carson Meyer, Warren Foegele, Adam Ruzicka, Joel Kiviranta, Jesse Ylonen
Custom OT Lines Defensemen
Noah Juulsen, Ben Betker, Niko Mikkola, Nicolas Beaudin, Urho Vaakanainen
Scratches
Jack LaFontaine (Healthy), Carter Gylander (Healthy)
Comets
5 vs 5 Forward
Center Left Wing Right Wing Time % Phy DF OF
1 Brett Seney Valeri Nichushkin Joonas Donskoi 35 0 2 3
2 Brett Howden Mason Marchment Conor Garland 30 0 2 3
3 John Hayden Eeli Tolvanen Alexandre Texier 25 0 2 3
4 Nicolas Roy Alex Turcotte David Kase 10 0 2 3
5 vs 5 Defense
Defense Defense Time % Phy DF OF
1 Ilya Lyubushkin Christian Wolanin 35 0 3 2
2 Jake Bean Wyatt Kalynuk 30 0 3 2
3 Marcus Bjork Vincent Desharnais 25 0 3 2
4 Filip Roos Ilya Lyubushkin 10 0 3 2
PowerPlay Forward
Center Left Wing Right Wing Time % Phy DF OF
1 Brett Seney Valeri Nichushkin Joonas Donskoi 60 0 1 4
2 Brett Howden Mason Marchment Conor Garland 40 0 1 4
PowerPlay Defense
Defense Defense Time % Phy DF OF
1 Ilya Lyubushkin Christian Wolanin 60 0 2 3
2 Jake Bean Wyatt Kalynuk 40 0 2 3
Penalty Kill 4 Players Forward
Center Wing Time % Phy DF OF
1 Brett Howden Conor Garland 60 1 3 1
2 Brett Seney Joonas Donskoi 40 1 3 1
Penalty Kill 4 Players Defense
Defense Defense Time % Phy DF OF
1 Ilya Lyubushkin Christian Wolanin 60 1 4 0
2 Jake Bean Wyatt Kalynuk 40 1 4 0
Penalty Kill - 3 Players Forward
Forward Time % Phy DF OF
1 Brett Seney 60 1 3 1
2 Brett Howden 40 1 3 1
Penalty Kill - 3 Players Defense
Defense Defense Time % Phy DF OF
1 Ilya Lyubushkin Christian Wolanin 60 1 4 0
2 Jake Bean Wyatt Kalynuk 40 1 4 0
4 vs 4 Forward
Center Wing Time % Phy DF OF
1 Brett Seney Valeri Nichushkin 60 0 2 3
2 Brett Howden Conor Garland 40 0 2 3
4 vs 4 Defense
Defense Defense Time % Phy DF OF
1 Ilya Lyubushkin Christian Wolanin 60 0 3 2
2 Jake Bean Wyatt Kalynuk 40 0 3 2
Last Minutes Offensive
Center Left Wing Right Wing Defense Defense
Brett Seney Valeri Nichushkin Conor Garland Ilya Lyubushkin Christian Wolanin
Last Minutes Defensive
Center Left Wing Right Wing Defense Defense
Brett Seney Valeri Nichushkin Conor Garland Ilya Lyubushkin Christian Wolanin
Goaltenders
Starting : Juuse Saros
Backup : Akira Schmid
Extra Forwards
Normal : Mason Marchment, Brett Howden, Alexandre Texier - PP : Mason Marchment, Brett Howden - PK : Mason Marchment
Extra Defensemen
Normal : Filip Roos, Vincent Desharnais, Marcus Bjork - PP : Marcus Bjork - PK : Marcus Bjork, Vincent Desharnais
Penalty Shots
Valeri Nichushkin, Conor Garland, Brett Seney, Joonas Donskoi, Mason Marchment
Custom OT Lines Forwards
Valeri Nichushkin, Conor Garland, Brett Seney, Joonas Donskoi, Mason Marchment, Brett Howden, Alexandre Texier, Eeli Tolvanen, Alex Turcotte, John Hayden
Custom OT Lines Defensemen
Ilya Lyubushkin, Christian Wolanin, Jake Bean, Wyatt Kalynuk, Marcus Bjork
Scratches
Cristiano Digiacinto (Healthy), Nikita Nesterenko (Healthy), Graeme Clarke (Healthy)
% Time on Ice - Punishers
Lines # - Real PCT - Wanted PCT - Time Play
Normal Forward
1 - 31% - 40% - 15:15
2 - 28% - 30% - 13:23
3 - 21% - 20% - 10:18
4 - 20% - 10% - 9:41
Normal Defense
1 - 37% - 40% - 18:13
2 - 30% - 30% - 14:41
3 - 18% - 20% - 8:36
4 - 15% - 10% - 7:07
PP Forward
1 - 58% - 60% - 1:09
2 - 42% - 40% - 0:50
PP Defense
1 - 51% - 60% - 1:01
2 - 49% - 40% - 0:58
PK Forward
1 - 81% - 60% - 6:42
2 - 19% - 40% - 1:36
PK Defense
1 - 62% - 60% - 5:08
2 - 38% - 40% - 3:10
PK3 Forward
1 - 0% - 60%
2 - 0% - 40%
PK3 Defense
1 - 0% - 60%
2 - 0% - 40%
44 Forward
1 - 0% - 60%
2 - 0% - 40%
44 Defense
1 - 0% - 60%
2 - 0% - 40%
Last Minute Offensive - 1:06
Last Minute Defensive - 0:00
Total
Forward - 60:00
Defense - 60:00
|
% Time on Ice - Comets
Lines # - Real PCT - Wanted PCT - Time Play
Normal Forward
1 - 31% - 35% - 15:02
2 - 26% - 30% - 12:28
3 - 26% - 25% - 12:39
4 - 17% - 10% - 8:25
Normal Defense
1 - 32% - 35% - 15:28
2 - 32% - 30% - 15:38
3 - 26% - 25% - 12:25
4 - 10% - 10% - 5:03
PP Forward
1 - 56% - 60% - 4:38
2 - 44% - 40% - 3:40
PP Defense
1 - 71% - 60% - 5:54
2 - 29% - 40% - 2:24
PK Forward
1 - 74% - 60% - 1:28
2 - 26% - 40% - 0:31
PK Defense
1 - 63% - 60% - 1:15
2 - 37% - 40% - 0:44
PK3 Forward
1 - 0% - 60%
2 - 0% - 40%
PK3 Defense
1 - 0% - 60%
2 - 0% - 40%
44 Forward
1 - 0% - 60%
2 - 0% - 40%
44 Defense
1 - 0% - 60%
2 - 0% - 40%
Last Minute Offensive - 0:00
Last Minute Defensive - 1:09
Total
Forward - 60:00
Defense - 60:00
|
Play-by-Play
1st period
0:01 of 1st period - Karson Kuhlman wins face-off versus Brett Seney in neutral zone.
0:04 of 1st period - Valeri Nichushkin is hit by Noah Juulsen and loses puck.
0:13 of 1st period - Wrist shot by Kurtis Gabriel.
0:13 of 1st period - Shot Misses the Net.
0:15 of 1st period - Snap shot by Oskar Lindblom.
0:15 of 1st period - Shot Misses the Net.
1:48 of 1st period - Brett Howden is hit by Kole Lind and loses puck.
1:52 of 1st period - Icing by Brett Howden.
1:53 of 1st period - Karson Kuhlman wins face-off versus Brett Howden in Comets zone.
1:54 of 1st period - Snap shot by Kurtis Gabriel.
1:54 of 1st period - Deflect By Karson Kuhlman.
1:54 of 1st period - Shot Misses the Net.
1:54 of 1st period - Puck is out of play.
1:55 of 1st period - Karson Kuhlman wins face-off versus John Hayden in Comets zone.
2:06 of 1st period - Wrist shot by Eeli Tolvanen.
2:06 of 1st period - Stopped by Cal Petersen with a rebound.
2:34 of 1st period - Slapshot by Warren Foegele.
2:34 of 1st period - Stopped by Juuse Saros without a rebound.
2:35 of 1st period - Adam Ruzicka wins face-off versus Valeri Nichushkin in Comets zone.
2:48 of 1st period - Slapshot by Noah Juulsen.
2:48 of 1st period - Deflect By Adam Ruzicka.
2:48 of 1st period - Shot Misses the Net.
2:48 of 1st period - Puck is out of play.
2:49 of 1st period - John Hayden wins face-off versus Karson Kuhlman in Comets zone.
3:15 of 1st period - Kole Lind is hit by Joonas Donskoi and loses puck.
3:24 of 1st period - Snap shot by Daniel Audette.
3:24 of 1st period - Shot Blocked by Valeri Nichushkin.
3:35 of 1st period - Off-side.
3:36 of 1st period - Brett Howden wins face-off versus Adam Ruzicka in neutral zone.
3:43 of 1st period - Ilya Lyubushkin is hit by Carson Meyer and loses puck.
3:48 of 1st period - Snap shot by Joel Kiviranta.
3:48 of 1st period - Shot Blocked by Christian Wolanin.
4:12 of 1st period - Snap shot by Mason Marchment.
4:12 of 1st period - Shot Misses the Net.
4:14 of 1st period - Wrist shot by Brett Howden.
4:14 of 1st period - Shot Blocked by Noah Juulsen.
4:16 of 1st period - Slapshot by Christian Wolanin.
4:16 of 1st period - Shot Misses the Net.
4:22 of 1st period - Snap shot by Brett Howden.
4:22 of 1st period - Shot Misses the Net.
4:26 of 1st period - Wrist shot by Conor Garland.
4:26 of 1st period - Shot Misses the Net.
4:28 of 1st period - Wrist shot by Ilya Lyubushkin.
4:28 of 1st period - Shot Blocked by Noah Juulsen.
4:32 of 1st period - Snap shot by Conor Garland.
4:32 of 1st period - Deflect By Mason Marchment.
4:32 of 1st period - Stopped by Cal Petersen with a rebound.
4:34 of 1st period - Slapshot by Ilya Lyubushkin.
4:34 of 1st period - Shot Misses the Net.
4:36 of 1st period - Snap shot by Ilya Lyubushkin.
4:36 of 1st period - Stopped by Cal Petersen without a rebound.
4:37 of 1st period - Karson Kuhlman wins face-off versus Brett Seney in Punishers zone.
4:37 of 1st period - Karson Kuhlman is hit by Valeri Nichushkin.
5:19 of 1st period - Nicolas Beaudin is hit by Brett Seney and loses puck.
5:38 of 1st period - Jesse Ylonen is hit by Ilya Lyubushkin and loses puck.
5:57 of 1st period - Niko Mikkola is hit by Joonas Donskoi and loses puck.
6:16 of 1st period - Wrist shot by Valeri Nichushkin.
6:16 of 1st period - Shot Misses the Net.
6:36 of 1st period - Snap shot by Jesse Ylonen.
6:36 of 1st period - Stopped by Juuse Saros with a rebound.
6:44 of 1st period - Slapshot by Jesse Ylonen.
6:44 of 1st period - Stopped by Juuse Saros with a rebound.
7:16 of 1st period - Slapshot by Jesse Ylonen.
7:16 of 1st period - Stopped by Juuse Saros with a rebound.
7:18 of 1st period - Slapshot by Niko Mikkola.
7:18 of 1st period - Stopped by Juuse Saros with a rebound.
7:20 of 1st period - Slapshot by Nicolas Beaudin.
7:20 of 1st period - Stopped by Juuse Saros with a rebound.
7:22 of 1st period - Snap shot by Jesse Ylonen.
7:22 of 1st period - Stopped by Juuse Saros with a rebound.
7:36 of 1st period - Slapshot by Nicolas Beaudin.
7:36 of 1st period - Shot Blocked by Ilya Lyubushkin.
7:38 of 1st period - Slapshot by Niko Mikkola.
7:38 of 1st period - Shot Blocked by Valeri Nichushkin.
7:40 of 1st period - Backhand shot by Niko Mikkola.
7:40 of 1st period - Stopped by Juuse Saros with a rebound.
7:42 of 1st period - Slapshot by Nicolas Beaudin.
7:42 of 1st period - Stopped by Juuse Saros without a rebound.
7:43 of 1st period - Eeli Tolvanen wins face-off versus Karson Kuhlman in Comets zone.
8:05 of 1st period - Icing by Ben Betker.
8:06 of 1st period - Karson Kuhlman wins face-off versus Nicolas Roy in Punishers zone.
8:20 of 1st period - Daniel Audette is hit by Marcus Bjork and loses puck.
8:35 of 1st period - Kurtis Gabriel is hit by Vincent Desharnais and loses puck.
9:19 of 1st period - Marcus Bjork is hit by Kole Lind and loses puck.
10:24 of 1st period - Icing by Oskar Lindblom.
10:25 of 1st period - Nicolas Roy wins face-off versus Karson Kuhlman in Punishers zone.
10:26 of 1st period - Slapshot by David Kase.
10:26 of 1st period - Stopped by Cal Petersen without a rebound.
10:27 of 1st period - Kurtis Gabriel wins face-off versus John Hayden in Punishers zone.
10:38 of 1st period - Wrist shot by Kurtis Gabriel.
10:38 of 1st period - Deflect By Ilya Lyubushkin.
10:38 of 1st period - Goal by Kurtis Gabriel - Punishers : 1 - Comets : 0.
10:39 of 1st period - Brett Howden wins face-off versus Karson Kuhlman in neutral zone.
10:50 of 1st period - Slapshot by Mason Marchment.
10:50 of 1st period - Stopped by Cal Petersen with a rebound.
10:52 of 1st period - Wrist shot by Mason Marchment.
10:52 of 1st period - Stopped by Cal Petersen with a rebound.
10:54 of 1st period - Slapshot by Filip Roos.
10:54 of 1st period - Shot Misses the Net.
11:05 of 1st period - Icing by Oskar Lindblom.
11:06 of 1st period - John Hayden wins face-off versus Daniel Audette in Punishers zone.
11:07 of 1st period - Wrist shot by Alexandre Texier.
11:07 of 1st period - Deflect By Eeli Tolvanen.
11:07 of 1st period - Shot Misses the Net.
11:07 of 1st period - Puck is out of play.
11:08 of 1st period - Daniel Audette wins face-off versus John Hayden in Punishers zone.
11:17 of 1st period - Wrist shot by Kole Lind.
11:17 of 1st period - Goal by Kole Lind - Punishers : 2 - Comets : 0.
11:18 of 1st period - Brett Howden wins face-off versus Kurtis Gabriel in neutral zone.
11:51 of 1st period - Off-side.
11:52 of 1st period - John Hayden wins face-off versus Karson Kuhlman in neutral zone.
11:54 of 1st period - Off-side.
11:55 of 1st period - John Hayden wins face-off versus Kurtis Gabriel in neutral zone.
11:58 of 1st period - Karson Kuhlman is hit by Alexandre Texier and loses puck.
12:09 of 1st period - Wrist shot by Oskar Lindblom.
12:09 of 1st period - Stopped by Juuse Saros without a rebound.
12:10 of 1st period - Kole Lind wins face-off versus Brett Howden in Comets zone.
12:46 of 1st period - Brett Seney is hit by Oskar Lindblom and loses puck.
13:26 of 1st period - Slapshot by Jake Bean.
13:26 of 1st period - Shot Blocked by Urho Vaakanainen.
14:00 of 1st period - Ilya Lyubushkin is hit by Oskar Lindblom and loses puck.
14:11 of 1st period - Oskar Lindblom is hit by Ilya Lyubushkin and loses puck.
14:22 of 1st period - Wrist shot by David Kase.
14:22 of 1st period - Shot Misses the Net.
14:24 of 1st period - Slapshot by Marcus Bjork.
14:24 of 1st period - Deflect By David Kase.
14:24 of 1st period - Shot Misses the Net.
14:24 of 1st period - Puck is out of play.
14:25 of 1st period - Nicolas Roy wins face-off versus Adam Ruzicka in Punishers zone.
14:57 of 1st period - Snap shot by Daniel Audette.
14:57 of 1st period - Stopped by Juuse Saros without a rebound.
14:58 of 1st period - Karson Kuhlman wins face-off versus John Hayden in Comets zone.
15:35 of 1st period - Slapshot by Brett Howden.
15:35 of 1st period - Shot Misses the Net.
16:10 of 1st period - Wrist shot by David Kase.
16:10 of 1st period - Stopped by Cal Petersen with a rebound.
17:30 of 1st period - Ben Meyers is hit by David Kase and loses puck.
17:57 of 1st period - Snap shot by Brett Howden.
17:57 of 1st period - Shot Hit the Post.
18:15 of 1st period - Snap shot by John Hayden.
18:15 of 1st period - Shot Misses the Net.
18:36 of 1st period - Wrist shot by Adam Ruzicka.
18:36 of 1st period - Shot Misses the Net.
18:38 of 1st period - Wrist shot by Carson Meyer.
18:38 of 1st period - Shot Misses the Net.
18:40 of 1st period - Snap shot by Carson Meyer.
18:40 of 1st period - Stopped by Juuse Saros with a rebound.
18:56 of 1st period - Snap shot by Nicolas Roy.
18:56 of 1st period - Stopped by Cal Petersen without a rebound.
18:57 of 1st period - Nicolas Roy wins face-off versus Daniel Audette in Punishers zone.
18:58 of 1st period - Slapshot by Wyatt Kalynuk.
18:58 of 1st period - Shot Blocked by Daniel Audette.
19:00 of 1st period - Wrist shot by Alex Turcotte.
19:00 of 1st period - Shot Misses the Net.
19:02 of 1st period - Slapshot by Wyatt Kalynuk.
19:02 of 1st period - Shot Blocked by Ben Betker.
19:04 of 1st period - Slapshot by Wyatt Kalynuk.
19:04 of 1st period - Shot Misses the Net.
Goals for this period are 2 for Punishers vs 0 for Comets.
Shots for this period are 14 for Punishers vs 8 for Comets.
2nd period
0:01 of 2nd period - Karson Kuhlman wins face-off versus Brett Seney in neutral zone.
0:16 of 2nd period - Slapshot by Kurtis Gabriel.
0:16 of 2nd period - Stopped by Juuse Saros without a rebound.
0:17 of 2nd period - Daniel Audette wins face-off versus Brett Howden in Comets zone.
0:20 of 2nd period - Slapshot by Daniel Audette.
0:20 of 2nd period - Stopped by Juuse Saros with a rebound.
0:58 of 2nd period - Minor Penalty to Kurtis Gabriel for Delaying the game.
0:59 of 2nd period - Brett Seney wins face-off versus Oskar Lindblom in Punishers zone.
1:01 of 2nd period - Slapshot by Brett Seney.
1:01 of 2nd period - Stopped by Cal Petersen with a rebound.
1:58 of 2nd period - Valeri Nichushkin is hit by Oskar Lindblom and loses puck.
2:58 of 2nd period - Penalty to Kurtis Gabriel is over, Kurtis Gabriel is back on ice.
3:11 of 2nd period - Nicolas Beaudin is hit by John Hayden.
4:36 of 2nd period - Jake Bean is hit by Jack Ahcan and loses puck.
5:47 of 2nd period - Wrist shot by Oskar Lindblom.
5:47 of 2nd period - Stopped by Juuse Saros without a rebound.
5:48 of 2nd period - Nicolas Roy wins face-off versus Karson Kuhlman in Comets zone.
6:13 of 2nd period - Snap shot by Joonas Donskoi.
6:13 of 2nd period - Stopped by Cal Petersen with a rebound.
6:31 of 2nd period - Urho Vaakanainen is hit by Conor Garland and loses puck.
6:42 of 2nd period - Slapshot by Conor Garland.
6:42 of 2nd period - Shot Blocked by Joel Kiviranta.
6:52 of 2nd period - Urho Vaakanainen is hit by John Hayden and loses puck.
7:14 of 2nd period - Slapshot by Wyatt Kalynuk.
7:14 of 2nd period - Deflect By David Kase.
7:14 of 2nd period - Stopped by Cal Petersen without a rebound.
7:15 of 2nd period - Nicolas Roy wins face-off versus Karson Kuhlman in Punishers zone.
7:16 of 2nd period - Slapshot by David Kase.
7:16 of 2nd period - Stopped by Cal Petersen with a rebound.
7:18 of 2nd period - Slapshot by Wyatt Kalynuk.
7:18 of 2nd period - Deflect By Alex Turcotte.
7:18 of 2nd period - Stopped by Cal Petersen without a rebound.
7:19 of 2nd period - Karson Kuhlman wins face-off versus Brett Seney in Punishers zone.
7:23 of 2nd period - Off-side.
7:24 of 2nd period - Kurtis Gabriel wins face-off versus Brett Seney in neutral zone.
7:49 of 2nd period - Noah Juulsen is hit by Mason Marchment.
7:53 of 2nd period - Mason Marchment is hit by Noah Juulsen and loses puck.
7:58 of 2nd period - Snap shot by Kole Lind.
7:58 of 2nd period - Stopped by Juuse Saros without a rebound.
7:59 of 2nd period - Karson Kuhlman wins face-off versus John Hayden in Comets zone.
8:24 of 2nd period - Niko Mikkola is hit by Wyatt Kalynuk and loses puck.
8:33 of 2nd period - Wrist shot by Conor Garland.
8:33 of 2nd period - Goal by Conor Garland - Punishers : 2 - Comets : 1.
8:34 of 2nd period - Daniel Audette wins face-off versus Brett Seney in neutral zone.
8:37 of 2nd period - Slapshot by Ben Betker.
8:37 of 2nd period - Shot Blocked by Joonas Donskoi.
9:09 of 2nd period - Snap shot by Daniel Audette.
9:09 of 2nd period - Shot Misses the Net.
9:24 of 2nd period - Wrist shot by Daniel Audette.
9:24 of 2nd period - Shot Blocked by Christian Wolanin.
9:59 of 2nd period - Slapshot by Karson Kuhlman.
9:59 of 2nd period - Deflect By Oskar Lindblom.
9:59 of 2nd period - Shot Blocked by Nicolas Roy.
9:59 of 2nd period - Puck is out of play.
10:00 of 2nd period - Adam Ruzicka wins face-off versus Brett Seney in Comets zone.
10:15 of 2nd period - Wrist shot by Brett Seney.
10:15 of 2nd period - Deflect By Valeri Nichushkin.
10:15 of 2nd period - Shot Blocked by Adam Ruzicka.
10:15 of 2nd period - Puck is out of play.
10:16 of 2nd period - Karson Kuhlman wins face-off versus Brett Howden in Punishers zone.
10:41 of 2nd period - Jake Bean is hit by Ben Meyers and loses puck.
10:48 of 2nd period - Wrist shot by Conor Garland.
10:48 of 2nd period - Stopped by Cal Petersen without a rebound.
10:49 of 2nd period - Brett Seney wins face-off versus Kurtis Gabriel in Punishers zone.
11:05 of 2nd period - Snap shot by Brett Seney.
11:05 of 2nd period - Deflect By Karson Kuhlman.
11:05 of 2nd period - Shot Blocked by Kurtis Gabriel.
11:05 of 2nd period - Puck is out of play.
11:06 of 2nd period - Daniel Audette wins face-off versus Eeli Tolvanen in Punishers zone.
11:08 of 2nd period - Minor Penalty to Nicolas Beaudin for Delaying the game.
11:09 of 2nd period - Oskar Lindblom wins face-off versus Brett Seney in Punishers zone.
11:17 of 2nd period - Slapshot by Christian Wolanin.
11:17 of 2nd period - Deflect By Joonas Donskoi.
11:17 of 2nd period - Stopped by Cal Petersen without a rebound.
11:18 of 2nd period - Brett Seney wins face-off versus Oskar Lindblom in Punishers zone.
11:19 of 2nd period - Snap shot by Joonas Donskoi.
11:19 of 2nd period - Stopped by Cal Petersen with a rebound.
11:45 of 2nd period - Noah Juulsen is hit by Ilya Lyubushkin and loses puck.
13:08 of 2nd period - Penalty to Nicolas Beaudin is over, Nicolas Beaudin is back on ice.
13:21 of 2nd period - Jesse Ylonen is hit by John Hayden and loses puck.
14:54 of 2nd period - Jake Bean is hit by Kurtis Gabriel and loses puck.
15:45 of 2nd period - Nicolas Roy is hit by Kurtis Gabriel and loses puck.
16:25 of 2nd period - Snap shot by Daniel Audette.
16:25 of 2nd period - Stopped by Juuse Saros without a rebound.
16:26 of 2nd period - Daniel Audette wins face-off versus John Hayden in Comets zone.
16:29 of 2nd period - Slapshot by Daniel Audette.
16:29 of 2nd period - Shot Misses the Net.
17:03 of 2nd period - Slapshot by John Hayden.
17:03 of 2nd period - Stopped by Cal Petersen without a rebound.
17:04 of 2nd period - Brett Seney wins face-off versus Karson Kuhlman in Punishers zone.
17:11 of 2nd period - Off-side.
17:12 of 2nd period - Brett Seney wins face-off versus Karson Kuhlman in neutral zone.
17:17 of 2nd period - Snap shot by Brett Seney.
17:17 of 2nd period - Stopped by Cal Petersen without a rebound.
17:18 of 2nd period - Valeri Nichushkin wins face-off versus Karson Kuhlman in Punishers zone.
17:19 of 2nd period - Snap shot by Joonas Donskoi.
17:19 of 2nd period - Stopped by Cal Petersen without a rebound.
17:20 of 2nd period - Karson Kuhlman wins face-off versus Brett Seney in Punishers zone.
17:22 of 2nd period - Minor Penalty to Ben Betker for Tripping.
17:23 of 2nd period - Brett Seney wins face-off versus Oskar Lindblom in Punishers zone.
19:22 of 2nd period - Penalty to Ben Betker is over, Ben Betker is back on ice.
Goals for this period are 0 for Punishers vs 1 for Comets.
Shots for this period are 5 for Punishers vs 12 for Comets.
3rd period
0:01 of 3rd period - Brett Seney wins face-off versus Karson Kuhlman in neutral zone.
0:28 of 3rd period - Icing by Ilya Lyubushkin.
0:29 of 3rd period - Brett Howden wins face-off versus Daniel Audette in Comets zone.
0:37 of 3rd period - Christian Wolanin is hit by Nicolas Beaudin and loses puck.
0:46 of 3rd period - Snap shot by Kole Lind.
0:46 of 3rd period - Deflect By Daniel Audette.
0:46 of 3rd period - Stopped by Juuse Saros with a rebound.
0:48 of 3rd period - Slapshot by Warren Foegele.
0:48 of 3rd period - Goal by Warren Foegele - Punishers : 3 - Comets : 1.
0:49 of 3rd period - Karson Kuhlman wins face-off versus Brett Seney in neutral zone.
0:54 of 3rd period - Snap shot by Oskar Lindblom.
0:54 of 3rd period - Shot Blocked by Christian Wolanin.
1:14 of 3rd period - Noah Juulsen is hit by Conor Garland and loses puck.
3:03 of 3rd period - Slapshot by Christian Wolanin.
3:03 of 3rd period - Stopped by Cal Petersen with a rebound.
3:21 of 3rd period - Wrist shot by Jesse Ylonen.
3:21 of 3rd period - Deflect By Braden Tracey.
3:21 of 3rd period - Stopped by Juuse Saros with a rebound.
3:49 of 3rd period - Brett Seney is hit by Urho Vaakanainen and loses puck.
3:58 of 3rd period - Wrist shot by Kole Lind.
3:58 of 3rd period - Shot Misses the Net.
4:49 of 3rd period - Kurtis Gabriel is hit by Alex Turcotte and loses puck.
5:00 of 3rd period - Minor Penalty to Oskar Lindblom for Slashing.
5:01 of 3rd period - Joonas Donskoi wins face-off versus Carson Meyer in Punishers zone.
5:16 of 3rd period - Snap shot by Valeri Nichushkin.
5:16 of 3rd period - Stopped by Cal Petersen without a rebound.
5:17 of 3rd period - Brett Seney wins face-off versus Carson Meyer in Punishers zone.
5:20 of 3rd period - Wrist shot by Valeri Nichushkin.
5:20 of 3rd period - Stopped by Cal Petersen without a rebound.
5:21 of 3rd period - Brett Seney wins face-off versus Carson Meyer in Punishers zone.
5:32 of 3rd period - Snap shot by Brett Seney.
5:32 of 3rd period - Stopped by Cal Petersen with a rebound.
5:34 of 3rd period - Snap shot by Joonas Donskoi.
5:34 of 3rd period - Stopped by Cal Petersen with a rebound.
5:36 of 3rd period - Slapshot by Christian Wolanin.
5:36 of 3rd period - Shot Misses the Net.
5:54 of 3rd period - Wrist shot by Conor Garland.
5:54 of 3rd period - Stopped by Cal Petersen without a rebound.
5:55 of 3rd period - Adam Ruzicka wins face-off versus Brett Howden in Punishers zone.
6:10 of 3rd period - Wrist shot by Conor Garland.
6:10 of 3rd period - Stopped by Cal Petersen without a rebound.
6:11 of 3rd period - Carson Meyer wins face-off versus Brett Seney in Punishers zone.
7:00 of 3rd period - Penalty to Oskar Lindblom is over, Oskar Lindblom is back on ice.
7:12 of 3rd period - Wrist shot by Daniel Audette.
7:12 of 3rd period - Shot Misses the Net.
7:18 of 3rd period - Kole Lind is hit by Valeri Nichushkin and loses puck.
7:31 of 3rd period - Snap shot by Jesse Ylonen.
7:31 of 3rd period - Stopped by Juuse Saros with a rebound.
7:53 of 3rd period - Snap shot by Adam Ruzicka.
7:53 of 3rd period - Stopped by Juuse Saros without a rebound.
7:54 of 3rd period - Adam Ruzicka wins face-off versus Brett Howden in Comets zone.
7:55 of 3rd period - Snap shot by Carson Meyer.
7:55 of 3rd period - Stopped by Juuse Saros with a rebound.
8:05 of 3rd period - Snap shot by Mason Marchment.
8:05 of 3rd period - Goal by Mason Marchment - Punishers : 3 - Comets : 2.
8:06 of 3rd period - Brett Seney wins face-off versus Karson Kuhlman in neutral zone.
8:15 of 3rd period - Slapshot by Ilya Lyubushkin.
8:15 of 3rd period - Stopped by Cal Petersen without a rebound.
8:16 of 3rd period - Karson Kuhlman wins face-off versus Valeri Nichushkin in Punishers zone.
8:18 of 3rd period - Minor Penalty to Kurtis Gabriel for Delaying the game.
8:19 of 3rd period - Valeri Nichushkin wins face-off versus Oskar Lindblom in Punishers zone.
8:32 of 3rd period - Icing by Brett Seney.
8:33 of 3rd period - Brett Seney wins face-off versus Oskar Lindblom in Comets zone.
8:40 of 3rd period - Slapshot by Ilya Lyubushkin.
8:40 of 3rd period - Deflect By Valeri Nichushkin.
8:40 of 3rd period - Goal by Valeri Nichushkin - Punishers : 3 - Comets : 3.
8:41 of 3rd period - Joonas Donskoi wins face-off versus Karson Kuhlman in neutral zone.
8:46 of 3rd period - Slapshot by Brett Seney.
8:46 of 3rd period - Stopped by Cal Petersen with a rebound.
9:33 of 3rd period - Wrist shot by Daniel Audette.
9:33 of 3rd period - Stopped by Juuse Saros without a rebound.
9:34 of 3rd period - Brett Howden wins face-off versus Karson Kuhlman in Comets zone.
9:36 of 3rd period - Minor Penalty to Ilya Lyubushkin for Hooking.
9:37 of 3rd period - Brett Howden wins face-off versus Karson Kuhlman in Comets zone.
9:37 of 3rd period - Brett Howden is hit by Kurtis Gabriel.
10:40 of 3rd period - Jake Bean is hit by Niko Mikkola and loses puck.
11:36 of 3rd period - Penalty to Ilya Lyubushkin is over, Ilya Lyubushkin is back on ice.
12:24 of 3rd period - Wyatt Kalynuk is hit by Daniel Audette and loses puck.
12:35 of 3rd period - Joel Kiviranta is hit by David Kase and loses puck.
12:40 of 3rd period - Slapshot by Ilya Lyubushkin.
12:40 of 3rd period - Stopped by Cal Petersen without a rebound.
12:41 of 3rd period - Brett Seney wins face-off versus Ben Meyers in Punishers zone.
12:44 of 3rd period - Slapshot by Joonas Donskoi.
12:44 of 3rd period - Stopped by Cal Petersen without a rebound.
12:45 of 3rd period - Brett Seney wins face-off versus Ben Meyers in Punishers zone.
13:21 of 3rd period - Slapshot by Kurtis Gabriel.
13:21 of 3rd period - Shot Misses the Net.
14:42 of 3rd period - Snap shot by Alexandre Texier.
14:42 of 3rd period - Goal by Alexandre Texier - Punishers : 3 - Comets : 4.
14:43 of 3rd period - Karson Kuhlman wins face-off versus Brett Howden in neutral zone.
14:58 of 3rd period - Karson Kuhlman is hit by Ilya Lyubushkin and loses puck.
15:35 of 3rd period - Snap shot by Nicolas Roy.
15:35 of 3rd period - Stopped by Cal Petersen with a rebound.
15:37 of 3rd period - Wrist shot by Nicolas Roy.
15:37 of 3rd period - Stopped by Cal Petersen with a rebound.
15:39 of 3rd period - Wrist shot by David Kase.
15:39 of 3rd period - Shot Misses the Net.
15:51 of 3rd period - Ben Betker is hit by Jake Bean and loses puck.
17:07 of 3rd period - Snap shot by Jesse Ylonen.
17:07 of 3rd period - Stopped by Juuse Saros without a rebound.
17:08 of 3rd period - Nicolas Roy wins face-off versus Braden Tracey in Comets zone.
17:16 of 3rd period - Icing by Ben Meyers.
17:17 of 3rd period - Ben Meyers wins face-off versus John Hayden in Punishers zone.
17:17 of 3rd period - Ben Meyers is hit by John Hayden.
17:35 of 3rd period - Snap shot by Jesse Ylonen.
17:35 of 3rd period - Shot Blocked by Eeli Tolvanen.
17:37 of 3rd period - Wrist shot by Ben Meyers.
17:37 of 3rd period - Shot Blocked by Jake Bean.
17:39 of 3rd period - Snap shot by Ben Meyers.
17:39 of 3rd period - Stopped by Juuse Saros without a rebound.
17:40 of 3rd period - Adam Ruzicka wins face-off versus Brett Seney in Comets zone.
17:55 of 3rd period - Snap shot by Carson Meyer.
17:55 of 3rd period - Shot Misses the Net.
18:46 of 3rd period - Karson Kuhlman is hit by Mason Marchment and loses puck.
18:56 of 3rd period - Off-side.
18:57 of 3rd period - John Anderson call a timeout for Punishers.
18:57 of 3rd period - Kurtis Gabriel wins face-off versus Brett Seney in neutral zone.
19:00 of 3rd period - Punishers, Cal Petersen is pulled from the net.
19:00 of 3rd period - Slapshot by Noah Juulsen.
19:00 of 3rd period - Stopped by Juuse Saros without a rebound.
19:01 of 3rd period - Brett Seney wins face-off versus Karson Kuhlman in Comets zone.
19:25 of 3rd period - Wrist shot by Brett Seney.
19:25 of 3rd period - Shot Blocked by Ben Betker.
19:35 of 3rd period - Ben Betker is hit by Brett Seney and loses puck.
Goals for this period are 1 for Punishers vs 3 for Comets.
Shots for this period are 10 for Punishers vs 16 for Comets.